 Dungeon Crawl Stone Soup version 0.21.0-3-g78d12a8 (webtiles) character file.

7858 Monsterracer the Cleaver (level 11, -10/99 HPs)
             Began as a Minotaur Chaos Knight on Jan 13, 2018.
             Mangled by Gastronok the shard shrike (50 damage)
             ... on level 10 of the Dungeon.
             The game lasted 00:18:53 (11153 turns).

Monsterracer the Cleaver (Minotaur Chaos Knight)   Turns: 11153, Time: 00:18:53

Health: -10/99     AC: 19    Str: 25    XL:     11   Next: 2%
Magic:  10/10      EV:  8    Int:  9    God:    Xom [*.....]
Gold:   1821       SH:  0    Dex: 11    Spells: 10/10 levels left

rFire    . . .     SeeInvis .   a - +3 battleaxe (chop)
rCold    . . .     Gourm    +   (shield currently unavailable)
rNeg     . . .     Faith    .   t - +0 plate armour {rPois}
rPois    +         Spirit   .   (helmet unavailable)
rElec    .         Reflect  .   (no cloak)
rCorr    +         Harm     .   i - +0 pair of gloves
MR       ++...     Clarity  +   r - +0 pair of boots
Stlth    ..........             w - amulet of the gourmand
HPRegen  0.26/turn              D - ring of resist corrosion (curse) {!d}
MPRegen  0.12/turn              (no ring)

@: marked
A: retaliatory headbutt, beak, hooves 1, horns 3, icy blue scales 1, thin
skeletal structure 1, blurry vision 1, clarity, magic resistance 2, sense
surroundings 1, strong 2, evolution 1, sturdy frame 1
a: Renounce Religion


You were on level 10 of the Dungeon.
You worshipped Xom.
You were a special plaything of Xom.
You were very full.

You visited 1 branch of the dungeon, and saw 10 of its levels.

You collected 1821 gold pieces.

Inventory:

Hand Weapons
 a - a +3 battleaxe of chopping (weapon)
 b - a +0 hand axe of flaming
Missiles
 v - a throwing net (quivered)
Armour
 i - a +0 pair of gloves (worn)
 r - a +0 pair of boots (worn)
 t - a +0 plate armour of poison resistance (worn)
 y - the +3 leather armour of the Monkey's Uncle {rF+ rC+ Int+4}
   (You found it on level 10 of the Dungeon)

   It affects your intelligence (+4).
   It protects you from fire.
   It protects you from cold.
Jewellery
 w - an amulet of the gourmand (around neck)
 D - a cursed ring of resist corrosion (left hand) {!d}
Wands
 e - a wand of flame (32)
 x - a wand of acid (12)
 B - a wand of scattershot (5)
Scrolls
 f - 3 scrolls of remove curse
 g - 3 scrolls of magic mapping {!r}
 p - a scroll of blinking
 A - 2 scrolls of teleportation
 C - a scroll of fog
Potions
 d - 2 potions of berserk rage {!q}
 h - a potion of flight
 k - 3 potions of mutation {!q}
 l - 2 potions of invisibility
 m - a potion of agility
 n - 3 potions of lignification
 o - a potion of magic
 q - a potion of heal wounds
 s - 5 potions of haste
 u - a potion of might
 z - a potion of ambrosia {unknown}
 F - a potion of curing {unknown}
Comestibles
 c - 17 rations


   Skills:
 + Level 10.1 Fighting
 * Level 13.3 Axes
 + Level 9.7 Armour
 - Level 1.3 Dodging
   Level 7.6 Shields


You had 10 spell levels left.
You didn't know any spells.

Dungeon Overview and Level Annotations

Branches:
Dungeon (10/15)            Temple (0/1) D:5            Lair (0/6) D:8
    Orc: D:9-12

Altars:
Ashenzari
Dithmenos
Makhleb
Nemelex Xobeh
Sif Muna
Vehumet
Wu Jian
Xom

Shops:
D:9 (

Annotations:
D:10 Gastronok


Innate Abilities, Weirdness & Mutations

You reflexively headbutt those who attack you in melee.
You have a pair of large horns on your head.
You have a beak for a mouth.
You have large cloven feet.
You are partially covered in icy blue scales. (AC +2)
You have a somewhat thin skeletal structure. (Dex +2, Stealth)
Scrolls take you a little longer to read.
You possess an exceptional clarity of mind.
You are highly resistant to hostile enchantments. (MR++)
You passively map a small area around you.
Your muscles are very strong. (Str +4)
You evolve.
Your movements are slightly less encumbered by armour. (ER -2)


Message History

You peck the two-headed ogre.
The two-headed ogre is moderately wounded.
The two-headed ogre hits you with a giant spiked club. x2
You take 8 damage, and have 85/93 hp.
You slash the two-headed ogre!
The two-headed ogre is heavily wounded.
You slice the two-headed ogre!!
The two-headed ogre is almost dead.
The two-headed ogre hits you but does no damage.
The two-headed ogre barely misses you.
You slash the two-headed ogre!
You kill the two-headed ogre!
Your Fighting skill increases to level 10!
Something hits you but does no damage.
Deactivating autopickup; reactivate with Ctrl-A.
Something hits you but does no damage.
A hound comes into view.
You closely miss something. You headbutt something. Your peck misses something.
Something hits you but does no damage. x4
You closely miss something. You headbutt something!
Something hits you but does no damage. x2; Something hits you.
The centaur wields a shortbow.
The centaur shoots an arrow.
The arrow hits you.
A centaur comes into view. It is wielding a shortbow.
You take 10 damage, and have 77/93 hp.
You closely miss something. You headbutt something. Something hits you.
Something hits you but does no damage.
The centaur shoots an arrow.
Something hits you but does no damage.
An adder comes into view.
You take 3 damage, and have 74/93 hp.
You closely miss the hound. You peck the hound, but do no damage.
You miss something. Something hits you but does no damage. Something hits you.
The centaur shoots an arrow.
The arrow hits you. The hound bites you. Something hits you but does no damage.
You take 11 damage, and have 63/93 hp.
You completely miss the hound. You hit something but do no damage.
Something hits you but does no damage. Something hits you!
The hound bites you but does no damage.
The centaur shoots an arrow.
Something hits you but does no damage. The hound bites you but does no damage.
The centaur shoots an arrow.
The arrow hits you but does no damage.
You take 6 damage, and have 57/93 hp.
Your plate armour prevents you from hitting the hound.
You miss something.
Xom giggles.
You are caught in an explosion of flying shrapnel!
The explosion engulfs you!
The explosion engulfs something.
Reactivating autopickup.
You have reached level 11!
You feel a bit more experienced.
The explosion engulfs the hound.
The hound dies!
The centaur shoots an arrow.
The arrow hits you but does no damage.
You regained 4 hp, and now have 61/99 hp.
MP restored: 10 You hear Xom's avuncular chuckle.
The adder evaporates and reforms as a bat!
The centaur shoots an arrow.
The arrow barely misses you. The bat hits you but does no damage.
Things that are here:
3 arrows; a giant spiked club x2
The bat hits you but does no damage.
The centaur shoots an arrow.
The arrow barely misses you.
The arrow hits the bat!
The bat dies!
The centaur shoots an arrow.
The arrow closely misses you.
The centaur shoots an arrow.
The arrow hits you.
You take 1 damage, and have 60/99 hp.
Gastronok the Ponderous comes into view.
You hit the centaur. Your peck misses the centaur.
The centaur is lightly wounded.
The centaur unwields an uncursed shortbow.
The centaur hits you but does no damage.
You slice the centaur!!
You kill the centaur!
Gastronok wobbles crazily.
You hear Xom's avuncular chuckle.
Gastronok evaporates and reforms as a shard shrike!
Gastronok spits a shard of ice at you. The shard of ice hits you!
* * * LOW HITPOINT WARNING * * *
Xom thinks this is hilarious!
You take 45 damage, and have 17/99 hp.
MASSIVE DAMAGE!!
Okay, then.
Press: ? - help, v - describe, . - travel
Here: Gastronok the shard shrike (catching its breath)
The floor.
Press: ? - help, v - describe, . - travel
Here: Gastronok the shard shrike (catching its breath)
The floor.
Okay, then.
Okay, then.
Okay, then.
You feel much better. Gastronok claws you but does no damage.
Gastronok closely misses you. Gastronok barely misses you.
You regained 25 hp, and now have 42/99 hp.
Really read with blurry vision while enemies are nearby?
Gastronok screeches!
Gastronok claws you.
* * * LOW HITPOINT WARNING * * *
Gastronok freezes you!!!
Ouch! That really hurt!
You die...
Xom is highly amused!

.... , # , #...h .... '..
#.,* #.... .... ##....
#..########.... .. ,
...... #.............. #
** *......
#.............. # ,
......#####.......#######
# , .....[............#
#, .........<........# +,
.......b@.#######.# +
..........+, #.# #,,
......)...# ,#.####### #
..........# , ,#........
. ..........# ,#.....###
..
..........#######.....#
..........((....>.....#
#############....######
#....#


You could see Gastronok the shard shrike.

Vanquished Creatures
  Erica (D:10)
  2 two-headed ogres
  Pikel (D:8)
  A troll (D:9)
  The ghost of Setanta the Caller, an amateur GnWn (D:4)
  A hippogriff (D:8)
  Sigmund (D:5)
  A hungry ghost (D:9)
  A water moccasin (D:8)
  5 orc warriors
  An ice beast (D:5)
  An eye of draining (D:9)
  2 sky beasts
  2 phantoms
  2 slaves (D:8)
  3 centaurs
  4 ogres
  A wolf (D:2)
  A crocodile (D:9)
  7 bullfrogs
  5 scorpions
  12 killer bees
  3 wights (D:7)
  2 crimson imps
  A bullfrog zombie (D:7)
  10 orc wizards
  A centaur skeleton (D:5)
  5 jellies
  A gnoll shaman (D:7)
  3 orc priests
  A bullfrog skeleton (D:10)
  2 iguanas
  7 worker ants
  7 gnolls
  3 howler monkey skeletons
  13 adders
  A river rat (D:5)
  6 oozes
  2 adder skeletons
  An adder zombie (D:8)
  4 worms
  A dart slug (D:1)
  6 leopard geckos
  34 orcs
  2 ball pythons (D:2)
  6 bats
  8 giant cockroaches
  4 goblins
  7 hobgoblins
  6 jackals
  5 kobolds
  9 quokkas
  2 frilled lizards
  2 quokka skeletons
  6 rats
227 creatures vanquished.

Vanquished Creatures (others)
  An unseen horror (D:10)
  A hound (D:10)
  An adder (D:7)
  An orc (D:8)
  A bat (D:10)
5 creatures vanquished.

Grand Total: 232 creatures vanquished

Notes
Turn   | Place    | Note
-------+----------+-------------------------------------------
     0 | D:1      | Monsterracer the Minotaur Chaos Knight began the quest for the Orb.
     0 | D:1      | Reached XP level 1. HP: 19/19 MP: 0/0
    88 | D:1      | Reached skill level 4 in Axes
    88 | D:1      | Reached XP level 2. HP: 27/27 MP: 1/1
   291 | D:1      | XOM: divination: detect creatures
   408 | D:1      | XOM: harmless Conj miscast
   423 | D:1      | XOM: noise
   645 | D:2      | Reached XP level 3. HP: 33/33 MP: 2/2
   694 | D:2      | XOM: god gift: 25 stones
   730 | D:2      | Noticed a wolf
   730 | D:2      | an ooze changed into a wolf
   733 | D:2      | XOM: divination: detect creatures
   737 | D:2      | HP: 14/33 [wolf (5)]
   741 | D:2      | Killed a wolf
   741 | D:2      | Reached skill level 5 in Axes
   741 | D:2      | Reached XP level 4. HP: 18/41 MP: 3/3
  1073 | D:2      | Reached XP level 5. HP: 47/47 MP: 4/4
  1157 | D:2      | Found an ornate altar of the Wu Jian Council.
  1274 | D:2      | XOM: divination: detect creatures
  1912 | D:3      | Found a shadowy altar of Dithmenos.
  1922 | D:3      | Found a burning altar of Makhleb.
  1967 | D:3      | XOM: divination: detect creatures
  2054 | D:3      | XOM: divination: magic mapping
  2148 | D:3      | XOM: noise
  2182 | D:3      | XOM: harmless Necr miscast
  2191 | D:3      | XOM: harmless Hex miscast
  2298 | D:3      | XOM: harmless Tmut miscast
  2327 | D:3      | XOM: noise
  2567 | D:4      | Noticed an ogre
  2637 | D:4      | Reached skill level 1 in Shields
  2707 | D:4      | Reached skill level 6 in Axes
  2748 | D:4      | Found a sparkling altar of Nemelex Xobeh.
  2771 | D:4      | Reached skill level 5 in Fighting
  2821 | D:4      | Reached XP level 6. HP: 34/56 MP: 5/5
  2843 | D:4      | HP: 28/56 [poisoned by a worker ant]
  2860 | D:4      | XOM: 1-stop teleportation journey
  2916 | D:4      | XOM: harmless Necr miscast
  3057 | D:4      | XOM: god gift: 42 gold pieces
  3196 | D:4      | XOM: blink monster(s)
  3234 | D:4      | Noticed Setanta's ghost (amateur GnWn)
  3246 | D:4      | Killed Setanta's ghost
  3246 | D:4      | Reached skill level 7 in Axes
  3246 | D:4      | Reached XP level 7. HP: 33/61 MP: 6/6
  3630 | D:5      | Entered Level 5 of the Dungeon
  3725 | D:5      | Found a staircase to the Ecumenical Temple.
  3736 | D:5      | XOM is BORED!
  3736 | D:5      | XOM: confusion
  3742 | D:5      | HP: 22/61 [ice beast (14)]
  3743 | D:5      | HP: 7/61 [ice beast (13)]
  3745 | D:5      | Reached skill level 5 in Armour
  4281 | D:5      | XOM: god gift: 51 gold pieces
  4394 | D:5      | XOM is BORED!
  4394 | D:5      | XOM: mild Air miscast
  4471 | D:5      | XOM: mild Conj miscast
  4604 | D:5      | XOM: polymorph orc -> river rat
  4624 | D:5      | Reached skill level 8 in Axes
  4633 | D:5      | Found a deep blue altar of Sif Muna.
  4774 | D:5      | Noticed Sigmund
  4781 | D:5      | HP: 29/63 [xom (26)]
  4781 | D:5      | XOM: torment (29/63 hp)
  4794 | D:5      | HP: 12/63 [something (8)]
  4797 | D:5      | Killed Sigmund
  4797 | D:5      | Reached XP level 8. HP: 14/71 MP: 7/7
  5572 | D:5      | XOM: summons 3 hostile shadow creatures
  5607 | D:5      | XOM: harmless Erth miscast
  5656 | D:6      | XOM: scenery: create altars
  5666 | D:6      | HP: 32/71 [something/magic dart (5)]
  5671 | D:6      | HP: 29/71 [poisoned by an orc wizard]
  5677 | D:6      | HP: 26/71 [poisoned by an orc wizard]
  5682 | D:6      | HP: 25/71 [poisoned by an orc wizard]
  5689 | D:6      | HP: 24/71 [poisoned by an orc wizard]
  5697 | D:6      | HP: 24/71 [poisoned by an orc wizard]
  6065 | D:6      | XOM: give mutations
  6065 | D:6      | Gained mutation: Scrolls take you a little longer to read. [Xom's mischief]
  6065 | D:6      | Gained mutation: You are partially covered in icy blue scales. (AC +2) [Xom's mischief]
  6088 | D:6      | Reached skill level 9 in Axes
  6153 | D:6      | Found a radiant altar of Vehumet.
  6161 | D:6      | XOM: enchant monster (bad)
  6162 | D:6      | XOM: swap monsters
  6164 | D:6      | HP: 35/71 [orc warrior/long sword (13)]
  6165 | D:6      | XOM: mild Pois miscast
  6171 | D:6      | HP: 26/71 [orc warrior/flail (1)]
  6177 | D:6      | XOM: repel stairs
  6186 | D:6      | XOM: 1-stop teleportation journey
  6190 | D:6      | XOM: polymorph leopard gecko -> jackal
  6217 | D:5      | HP: 30/71 [orc warrior/flail (5)]
  6218 | D:5      | XOM: confuse monster(s)
  6407 | D:5      | XOM: give mutations
  6407 | D:5      | Gained mutation: You have a pair of large horns on your head. [Xom's grace]
  6407 | D:5      | Gained mutation: You are resistant to hostile enchantments. (MR+) [Xom's grace]
  6407 | D:5      | Gained mutation: You have a somewhat thin skeletal structure. (Dex +2, Stealth) [Xom's grace]
  6407 | D:5      | Gained mutation: Your muscles are strong. (Str +2) [Xom's grace]
  6415 | D:6      | Reached skill level 5 in Shields
  6462 | D:6      | XOM: give mutations
  6462 | D:6      | Gained mutation: You have large cloven feet. [Xom's grace]
  6462 | D:6      | Gained mutation: Your movements are slightly less encumbered by armour. (ER -2) [Xom's grace]
  6462 | D:6      | Gained mutation: You passively map a small area around you. [Xom's grace]
  6519 | D:6      | XOM: cleaving
  6525 | D:6      | XOM: smoke on damage
  6734 | D:6      | XOM: summons friendly iron imp
  6917 | D:6      | XOM: give mutations
  6917 | D:6      | Gained mutation: You evolve. [Xom's grace]
  6917 | D:6      | Gained mutation: You are highly resistant to hostile enchantments. (MR++) [Xom's grace]
  6925 | D:6      | Reached XP level 9. HP: 78/79 MP: 8/8
  6957 | D:6      | XOM: scenery: create altars
  6981 | D:6      | Reached skill level 10 in Axes
  7081 | D:6      | XOM: give mutation
  7081 | D:6      | Gained mutation: You possess an exceptional clarity of mind. [Xom's grace]
  7206 | D:7      | XOM: enchant monster (good)
  7275 | D:7      | XOM: scenery: create altars
  7327 | D:7      | Found a shattered altar of Ashenzari.
  7427 | D:7      | XOM: god gift: 1220 gold pieces
  7479 | D:7      | XOM: god gift: plate armour {god gift}
  7491 | D:7      | XOM: enchant monster (good)
  7533 | D:7      | XOM: summons 4 hostile demons
  8158 | D:7      | XOM: mild Erth miscast
  8839 | D:8      | Reached skill level 11 in Axes
  8959 | D:8      | XOM: scenery: create altars
  8973 | D:8      | XOM: scenery: create altars
  8981 | D:8      | Noticed Pikel
  8982 | D:8      | Noticed a two-headed ogre
  8995 | D:8      | XOM: cleaving
  9007 | D:8      | Killed Pikel
  9008 | D:8      | HP: 36/82 [two-headed ogre/dire flail (19)]
  9009 | D:8      | XOM: fog
  9014 | D:8      | HP: 34/82 [two-headed ogre/dire flail (4)]
  9015 | D:8      | XOM: 7-stop teleportation journey
  9332 | D:8      | Found a staircase to the Lair.
  9352 | D:8      | Reached XP level 10. HP: 90/90 MP: 9/9
  9399 | D:8      | XOM: divination: detect creatures
  9605 | D:8      | Killed a two-headed ogre
  9652 | D:8      | Reached skill level 12 in Axes
 10067 | D:9      | XOM: harmless Fire miscast
 10250 | D:9      | XOM: fake destruction
 10260 | D:9      | XOM: 1-stop teleportation journey
 10340 | D:9      | XOM: medium Air miscast
 10355 | D:9      | Found Jisivonuu's Weapon Shop.
 10464 | D:9      | XOM: give mutations
 10464 | D:9      | Gained mutation: You have a beak for a mouth. [Xom's grace]
 10464 | D:9      | Gained mutation: Your muscles are very strong. (Str +4) [Xom's grace]
 10662 | D:10     | Entered Level 10 of the Dungeon
 10684 | D:10     | Got a slimy leather armour
 10697 | D:10     | Identified the +3 leather armour of the Monkey's Uncle {rF+ rC+ Int+4} (You found it on level 10 of the Dungeon)
 11002 | D:10     | Noticed Erica
 11002 | D:10     | XOM: cleaving
 11008 | D:10     | Killed Erica
 11008 | D:10     | Reached skill level 13 in Axes
 11051 | D:10     | XOM: 9-stop teleportation journey
 11063 | D:10     | XOM: 2-stop teleportation journey
 11127 | D:10     | Noticed a two-headed ogre
 11136 | D:10     | Killed a two-headed ogre
 11136 | D:10     | Reached skill level 10 in Fighting
 11142 | D:10     | XOM: severe Erth miscast
 11142 | D:10     | Killed an unseen horror
 11142 | D:10     | Reached XP level 11. HP: 61/99 MP: 10/10
 11143 | D:10     | XOM: polymorph adder -> bat
 11146 | D:10     | Noticed Gastronok
 11151 | D:10     | Noticed Gastronok
 11151 | D:10     | Gastronok changed into Gastronok the shard shrike
 11151 | D:10     | XOM: polymorph Gastronok -> Gastronok the shard shrike
 11151 | D:10     | HP: 17/99 [Gastronok the shard shrike/shard of ice (45)]
 11153 | D:10     | Mangled by Gastronok the shard shrike

Skill      XL: |  1  2  3  4  5  6  7  8  9 10 |
---------------+-------------------------------+-----
Axes           | 4 5 6 7 8 9 11 13 | 13.3
Fighting       | 4 5 6 7 8 10 | 10.1
Armour         | 3 4 5 6 8 9 |  9.7
Shields        | 1 2 4 5 7 |  7.6
Dodging        | |  1.3

Action                   |  1- 3 |  4- 6 |  7- 9 | 10-12 || total
-------------------------+-------+-------+-------+-------++-------
Melee: Hand axe          |    68 |    68 |       |       ||   136
       Headbutt          |     5 |    18 |    61 |    34 ||   118
       War axe           |       |    72 |   328 |    99 ||   499
       Kick              |       |       |    29 |       ||    29
       Battleaxe         |       |       |       |    41 ||    41
       Peck              |       |       |       |     4 ||     4
  Use: Scroll            |     1 |    12 |     9 |     2 ||    24
       Potion            |       |       |     2 |     1 ||     3
 Stab: Petrified         |    10 |       |       |       ||    10
       Petrifying        |     1 |       |       |       ||     1
       Confused          |       |       |     1 |       ||     1
       Paralysed         |       |       |     2 |       ||     2
  Eat: Chunk             |       |     6 |    20 |    14 ||    40
       Ration            |       |       |     1 |       ||     1
Armor: Chain mail        |    26 |   104 |    47 |       ||   177
       Leather armour    |     2 |       |       |       ||     2
       Plate armour      |       |       |   177 |    88 ||   265
Dodge: Dodged            |    24 |    56 |   100 |    35 ||   215
Block: Shield            |       |       |   110 |    56 ||   166

Vault maps used:
D:1:      minmay_arrival_stone_box, serial_forest, infiniplex_forest_clump_C,
          infiniplex_forest_lined_2, infiniplex_forest_lined_2,
          infiniplex_forest_end_2, infiniplex_forest_clump_cross,
          infiniplex_forest_lined_2, infiniplex_forest_clump_cross
D:2:      nicolae_overflow_crystal_walls, minmay_heptomino_o4
D:3:      amethyst_overflow_temple_binary, corexii_item_surrounded_by_moat
D:4:      first_ration, nemelex_xobeh_ov_fountains_minmay
D:5:      minmay_temple_entry_purple_smoke, led_sif_book, uniq_sigmund
D:6:      lemuel_crystal_altar
D:7:      evilmike_ruin_ashenzari
D:8:      nicolae_overflow_hidden_temple, dpeg_oklobed_lair,
          hangedman_little_slice_of_home, uniq_pikel
D:9:      serial_shops, kennysheep_mini
D:10:     serial_shops, shop, amethyst_killhole, uniq_gastronok, uniq_erica
